 Dungeon Crawl Stone Soup version 0.26-a0-599-gc8f6553d2c (webtiles) character file.

Game seed: 12585001794934021980

44 ANON1729 the Skirmisher (level 3, -2/34 HPs)
             Began as a Naga Fighter on Aug 29, 2020.
             Slain by an orc priest
             ... wielding a +0 club
              (4 damage)
             ... on level 1 of the Dungeon.
             The game lasted 00:01:05 (565 turns).

ANON1729 the Skirmisher (Naga Fighter)               Turns: 565, Time: 00:01:05

Health: -2/34      AC:  4    Str: 19    XL:     3   Next: 60%
Magic:  3/3        EV:  5    Int:  8    God:
Gold:   100        SH:  8    Dex: 10    Spells: 2/2 levels left

rFire    . . .     SeeInvis +   a - +0 war axe
rCold    . . .     Faith    .   c - +0 kite shield
rNeg     . . .     Spirit   .   b - +0 scale mail
rPois    +         Reflect  .   (no helmet)
rElec    .         Harm     .   (no cloak)
rCorr    .                      (no gloves)
MR       .....                  (no barding)
Stlth    ..........             (no amulet)
HPRegen  0.11/turn              (no ring)
MPRegen  0.08/turn              (no ring)

@: mighty, very slow
A: large, see invisible, deformed body, poison resistance, slowness 2, spit
poison 1, AC +1
a: Spit Poison


You were on level 1 of the Dungeon.
You visited 1 branch of the dungeon, and saw 2 of its levels.

You collected 100 gold pieces.

Inventory:

Hand Weapons
 a - a +0 war axe (weapon)
Armour
 b - a +0 scale mail (worn)
 c - a +0 kite shield (worn)
 l - a +0 pair of gloves
Jewellery
 m - a +4 ring of slaying {unknown}
Scrolls
 g - a scroll of blinking {unknown}
 h - a scroll of identify {unknown}
 j - a scroll of enchant weapon {unknown}
 n - a scroll of fog {unknown}
Potions
 e - a potion of heal wounds {unknown}
 f - a potion of degeneration {unknown}
 i - a potion of haste {unknown}
 k - a potion of stabbing {unknown}


   Skills:
 + Level 3.5 Fighting
 + Level 2.7 Axes
 - Level 2.7 Armour
 + Level 0.4 Dodging
 - Level 2.4 Shields


You had 2 spell levels left.
You didn't know any spells.
Your spell library was empty.

Dungeon Overview and Level Annotations

Branches:
Dungeon (2/15)

Altars:


Innate Abilities, Weirdness & Mutations

You cannot wear boots.
Your serpentine skin is tough. (AC +1)
You have supernaturally acute eyesight. (SInv)
Armour fits poorly on your strangely shaped body.
Your system is resistant to poisons. (rPois)
You cover ground very slowly.
You can spit poison.


Message History

You block the orc priest's attack. The goblin hits you but does no damage.
You block the orc's attack. The orc barely misses you.
You closely miss the orc priest. You closely miss the goblin.
You closely miss the orc. You hit the orc but do no damage.
You barely miss the hobgoblin. You slash the orc!
You kill the orc!
The goblin completely misses you.
The hobgoblin hits you but does no damage.
You block the orc priest's attack. The orc hits you with a +0 hand axe.
* * * LOW HITPOINT WARNING * * *
The orc barely misses you.
You slash the orc priest!
The orc priest is severely wounded.
You hit the hobgoblin. You slash the orc!
You kill the orc!
You hit the orc. You slash the goblin!
You kill the goblin!
The hobgoblin hits you but does no damage.
The orc priest hits you with a +0 club.
You die...

....# #.....#####.#....# #
....# #.....+.# #.#....#######
....# #.....#.###.#...........
##### #.........#.#.##########
#......####.#+## #....
#........).....# #.###
##########.......####...# #.#
.............##g)# #...#####.#
...............)@####...#.....#
PPPPPPP#####..#o†o......#.#####
...PPPP# ##.##.######.#.#


PPP.PPP# #.##.### #.#.####### PPPP.PP######.##.#.# #.#.......#
PPPPP.P........#.#.####.#.......# PPPPP.P..####..#.#......#.####..#
PPPPP.P#....##)#.#.####)).#..#... PPPPP.P####.##...#.####.##....##. You could
see an orc priest, an orc and a hobgoblin.

Vanquished Creatures
  4 dart slugs (D:1)
  A leopard gecko (D:1)
  2 orcs (D:1)
  A ball python (D:1)
  A giant cockroach (D:1)
  5 hobgoblins (D:1)
  4 jackals (D:1)
  4 kobolds (D:1)
  2 bats (D:1)
  3 goblins (D:1)
  A rat (D:1)
28 creatures vanquished.

Vanquished Creatures (others)
  3 plants (D:1)
3 creatures vanquished.

Grand Total: 31 creatures vanquished

Notes
Turn   | Place    | Note
-------+----------+-------------------------------------------
     0 | D:1      | ANON1729 the Naga Fighter began the quest for the Orb.
     0 | D:1      | Reached XP level 1. HP: 21/21 MP: 1/1
   264 | D:1      | Reached XP level 2. HP: 24/28 MP: 2/2
   320 | D:1      | Reached XP level 3. HP: 32/34 MP: 3/3
   565 | D:1      | Slain by an orc priest

Illustrated notes

Levels and vault maps discovered:
D:1:      roderic_crop_circles_arrival_large, layout_basic, minmay_hexomino_c4
D:2:      layout_rooms, gammafunk_temple_overflow_claw, grunt_decor_one_mirror

Action                   || total
-------------------------++-------
Melee: War axe           ||    59
  Use: Potion            ||     1
Armor: Scale mail        ||    32
Dodge: Dodged            ||    27
Block: Kite shield       ||    34

Table legend: (Time is in decaauts)
 A = Elapsed time spent in this place.
 B = Non-inter-level travel time spent in this place.
 C = Inter-level travel time spent in this place.
 D = Time resting spent in this place.
 E = Time spent auto-exploring this place.
 F = Levels seen in this place.
 G = Mean time per level.
                   A        B        C        D        E       F      G
               +--------+--------+--------+--------+--------+-----+--------+
         Total |    780 |    744 |     36 |      0 |    582 |   2 |  390.0 |
       Dungeon |    780 |    744 |     36 |      0 |    582 |   2 |  390.0 |
               +--------+--------+--------+--------+--------+-----+--------+

Top non-repeatable levels by time:
     D:1: 773 daAuts
     D:2: 7 daAuts
